 Dungeon Crawl Stone Soup version 0.18-a0-902-g8738618 (webtiles) character file.

95 Jmtri7 the Ducker (level 4, -5/21 HPs)
             Began as a Spriggan Transmuter on Dec 24, 2015.
             Slain by Almacia's ghost (17 damage)
             ... on level 3 of the Dungeon.
             The game lasted 00:11:26 (1940 turns).

Jmtri7 the Ducker (Spriggan Transmuter)             Turns: 1940, Time: 00:11:26

Health: -5/21      AC:  2    Str:  6    XL:     4   Next: 39%
Magic:  8/9        EV: 20    Int: 14    God:
Gold:   81         SH:  0    Dex: 17    Spells: 2 memorised, 4 levels left

rFire  . . .     SeeInvis +     r - +0 war axe
rCold  . . .     Gourm    .     b - +0 robe
rNeg   . . .     Faith    .     (shield currently unavailable)
rPois  .         Spirit   .     (helmet restricted)
rElec  .         Dismiss  .     (no cloak)
rCorr  .         Reflect  .     (gloves unavailable)
SustAt .         Harm     .     (boots unavailable)
MR     .....                    (no amulet)
Stlth  ++........               (no ring)
                                (no ring)

@: very quick, not resistant to hostile enchantments, unstealthy
A: unfitting armour, see invisible, herbivore 3, speed 3, slow metabolism 2
a: no special abilities


You were on level 3 of the Dungeon.
You were very hungry.

You visited 1 branch of the dungeon, and saw 3 of its levels.

You collected 81 gold pieces.

Inventory:

Hand Weapons
 m - a +0 hand axe
 r - a +0 war axe (weapon)
Missiles
 a - 31 arrows
 g - 43 bolts
 h - 20 sling bullets of flame
 w - 15 poisoned needles
Armour
 b - a +0 robe (worn)
Scrolls
 e - 2 scrolls of remove curse {unknown}
 f - 3 scrolls of teleportation {unknown}
 i - a scroll of random uselessness {unknown}
 j - a scroll of noise {unknown}
 n - a scroll of enchant armour {unknown}
 o - a scroll of fog {unknown}
 p - a scroll of enchant weapon {unknown}
 s - a scroll of immolation {unknown}
 u - a scroll of magic mapping {unknown}
 v - 2 scrolls of identify {unknown}
Potions
 k - 3 potions of brilliance {unknown}
 l - a potion of lignification {unknown}
 t - a potion of beneficial mutation {unknown}
 x - a potion of berserk rage {unknown}
Books
 c - a book of Changes

   Spells                             Type                      Level
   a - Beastly Appendage              Transmutation                1
   b - Sticks to Snakes               Transmutation                2
   c - Spider Form                    Transmutation/Poison         3
   d - Ice Form                       Ice/Transmutation            4
   e - Blade Hands                    Transmutation                5
Comestibles
 d - 3 bread rations
 q - a slice of pizza


   Skills:
 - Level 0.7 Fighting
 + Level 4.6 Dodging
 - Level 2.4 Unarmed Combat
 - Level 2.6 Spellcasting
 + Level 4.3 Transmutations
 * Level 2.0 Poison Magic


You had 4 spell levels left.
You knew the following spells:

 Your Spells              Type           Power        Failure   Level  Hunger
a - Beastly Appendage     Trmt           ##....       3%          1    #......
b - Spider Form           Trmt/Pois      ##........   21%         3    ###....


Dungeon Overview and Level Annotations

Branches:
Dungeon (3/15)

Altars:
Elyvilon
Gozag
Sif Muna

Annotations:
D:3 Almacia's ghost, weakling GrFi


Innate Abilities, Weirdness & Mutations

You are tiny and cannot use many weapons and most armour.
You have supernaturally acute eyesight.
You are a herbivore.
You cover ground extremely quickly.
You need consume almost no food.


Message History

Almacia's ghost completely misses you.
You hit Almacia's ghost but do no damage.
Almacia's ghost is lightly damaged.
Almacia's ghost completely misses you.
You hit Almacia's ghost.
Almacia's ghost is lightly damaged.
Almacia's ghost misses you.
You hit Almacia's ghost but do no damage.
Almacia's ghost is lightly damaged.
You hit Almacia's ghost but do no damage.
Almacia's ghost is lightly damaged.
Your transformation has ended.
Your +0 war axe unmelds from your body.
Your +0 robe unmelds from your body.
Almacia's ghost hits you.
You hit Almacia's ghost but do no damage.
Almacia's ghost is lightly damaged.
Almacia's ghost completely misses you. Almacia's ghost hits you.
You are electrocuted!
Ouch! That really hurt!
You die...

.†....#####.# #.#
.####.......# #.##
## #######.# #..# #
#.#####..#
###########........#
.##.......#.#......#
.##.......#.#.##...#
.##.......#.#$.....#
.##.......#....<@.##
.#...)..(.######W##
##........# ...
..........# .#.##
###.#.###.# #.#.#
###.......# . ..#
....#.##### #. ###
#### ###### ##..#.#
# ..# #.....
......#######. #.#
#.# #


You could see Almacia's ghost.

Vanquished Creatures
  A crimson imp (D:3)
  An adder (D:3)
  A worm (D:2)
  2 giant geckos
  An orc (D:3)
  A ball python (D:2)
  2 giant cockroaches
  4 hobgoblins
  2 quokkas (D:3)
  8 bats
  3 giant newts (D:1)
  7 goblins
  4 jackals (D:2)
  2 kobolds
  7 rats
46 creatures vanquished.

Notes
Turn   | Place    | Note
--------------------------------------------------------------
     0 | D:1      | Jmtri7 the Spriggan Transmuter began the quest for the Orb.
     0 | D:1      | Reached XP level 1. HP: 9/9 MP: 5/5
   158 | D:1      | Reached XP level 2. HP: 10/14 MP: 4/6
   669 | D:2      | Reached skill level 4 in Dodging
  1085 | D:2      | Reached XP level 3. HP: 13/17 MP: 6/8
  1098 | D:2      | Learned a level 3 spell: Spider Form
  1154 | D:2      | Found a deep blue altar of Sif Muna.
  1248 | D:2      | Found an opulent altar of Gozag.
  1349 | D:2      | Found a white marble altar of Elyvilon.
  1721 | D:3      | Reached skill level 1 in Poison Magic
  1721 | D:3      | Reached XP level 4. HP: 18/21 MP: 5/9
  1920 | D:3      | Noticed Almacia's ghost (weakling GrFi)
  1940 | D:3      | Slain by Almacia's ghost

Vault maps used:
D:1:      shiori_arrival_maze, kennysheep_small_spiral
D:2:      led_sif_pool, lemuel_round_altar, elyvilon_altar_3
D:3:      first_bread

Action                   |  1- 3 |  4- 6 || total
-------------------------+-------+-------++-------
Melee: Unarmed           |    74 |    32 ||   106
       Dagger            |    81 |       ||    81
       Hand axe          |    16 |       ||    16
       War axe           |       |     2 ||     2
 Cast: Beastly Appendage |    12 |       ||    12
       Spider Form       |     8 |     4 ||    12
